TOP OF THE 1ST |
Sun Prairie Swallows batting - Pitching for Myrtle Beach Mermen : RHP Willis Parker
|
Pitching: RHP Willis Parker
|
|
Batting: RHB José Silva
|
0-0: Fly out, F8 (Flyball, 8RM)
|
Batting: RHB Reece White
|
0-0: Called Strike 0-1: Swinging Strike 0-2: Ball 1-2: Ball 2-2: Strikes out swinging
|
Batting: RHB José Carlos Ramos
|
0-0: Swinging Strike 0-1: Fly out, F9 (Flyball, 89M)
|
Top of the 1st over - 0 run(s), 0 hit(s), 0 error(s), 0 left on base; Sun Prairie 0 - Myrtle Beach 0 |
BOTTOM OF THE 1ST |
Myrtle Beach Mermen batting - Pitching for Sun Prairie Swallows : RHP Scott Woodger
|
Pitching: RHP Scott Woodger
|
|
Batting: RHB Matt Love
|
0-0: Swinging Strike 0-1: Ball 1-1: Called Strike 1-2: Strikes out swinging
|
Batting: LHB Arturo Acevedo
|
0-0: Called Strike 0-1: Foul Ball, location: 2F 0-2: Ground out 1-3 (Groundball, 25)
|
Batting: RHB Álex Rodríguez
|
0-0: Ground out 5-3 (Groundball, 56)
|
Bottom of the 1st over - 0 run(s), 0 hit(s), 0 error(s), 0 left on base; Sun Prairie 0 - Myrtle Beach 0 |
TOP OF THE 2ND |
Sun Prairie Swallows batting - Pitching for Myrtle Beach Mermen : RHP Willis Parker
|
Batting: RHB Scott Forrest
|
0-0: Ball 1-0: Swinging Strike 1-1: Ground out 6-3 (Groundball, 56)
|
Batting: RHB Marcos Rivera
|
0-0: Foul Ball, location: 2F 0-1: Ball 1-1: Ground out 1-3 (Groundball, 15S)
|
Batting: SHB Aurelio Costello
|
0-0: Ball 1-0: Foul Ball, location: 2F 1-1: SINGLE (Line Drive, 9S)
|
Batting: RHB Matías Torrella
|
0-0: Fly out, F9 (Flyball, 9S)
|
Top of the 2nd over - 0 run(s), 1 hit(s), 0 error(s), 1 left on base; Sun Prairie 0 - Myrtle Beach 0 |
BOTTOM OF THE 2ND |
Myrtle Beach Mermen batting - Pitching for Sun Prairie Swallows : RHP Scott Woodger
|
Batting: RHB Alfredo López
|
0-0: Ball 1-0: Ground out 6-3 (Groundball, 6)
|
Batting: LHB Joe Cashmore
|
0-0: Ground out 3-1 (Groundball, 34)
|
Batting: RHB Javier Robles
|
0-0: Ground out 1-3 (Groundball, 25)
|
Bottom of the 2nd over - 0 run(s), 0 hit(s), 0 error(s), 0 left on base; Sun Prairie 0 - Myrtle Beach 0 |
TOP OF THE 3RD |
Sun Prairie Swallows batting - Pitching for Myrtle Beach Mermen : RHP Willis Parker
|
Batting: RHB Darby Carveth
|
0-0: Ball 1-0: Ground out 6-3 (Groundball, 6S)
|
Batting: RHB Joel Frazier
|
0-0: Called Strike 0-1: Ball 1-1: Called Strike 1-2: Fly out, F7 (Flyball, 7M)
|
Batting: RHB José Silva
|
0-0: Ball 1-0: Ground out 6-3 (Groundball, 6)
|
Top of the 3rd over - 0 run(s), 0 hit(s), 0 error(s), 0 left on base; Sun Prairie 0 - Myrtle Beach 0 |
BOTTOM OF THE 3RD |
Myrtle Beach Mermen batting - Pitching for Sun Prairie Swallows : RHP Scott Woodger
|
Batting: SHB Val Brown
|
0-0: Called Strike 0-1: Ball 1-1: Foul Ball, location: 2F 1-2: Ground out 4-3 (Groundball, 4)
|
Batting: SHB Avery Little
|
0-0: Ball 1-0: Ground out 1-3 (Groundball, 13S)
|
Batting: RHB Ryan Carr
|
0-0: Ball 1-0: Called Strike 1-1: Swinging Strike 1-2: Ground out 6-3 (Groundball, 6)
|
Bottom of the 3rd over - 0 run(s), 0 hit(s), 0 error(s), 0 left on base; Sun Prairie 0 - Myrtle Beach 0 |
TOP OF THE 4TH |
Sun Prairie Swallows batting - Pitching for Myrtle Beach Mermen : RHP Willis Parker
|
Batting: RHB Reece White
|
0-0: Ball 1-0: Called Strike 1-1: Foul Ball, location: 2F 1-2: Ball 2-2: Foul Ball, location: 2F 2-2: Foul Ball, location: 2F 2-2: Foul Ball, location: 2F 2-2: Strikes out swinging
|
Batting: RHB José Carlos Ramos
|
0-0: Called Strike 0-1: Swinging Strike 0-2: SINGLE (Groundball, 56D)
|
Batting: RHB Scott Forrest
|
0-0: Called Strike 0-1: Ball 1-1: Called Strike 1-2: Ball 2-2: Ball 3-2: Base on Balls José Carlos Ramos to second
|
Batting: RHB Marcos Rivera
|
0-0: Ball 1-0: Ground out 2-3 (Groundball, 25) José Carlos Ramos to third Scott Forrest to second
|
Batting: SHB Aurelio Costello
|
0-0: Ball 1-0: Ball 2-0: Ball 3-0: Called Strike 3-1: Base on Balls
|
Batting: RHB Matías Torrella
|
0-0: Ball 1-0: Foul Ball, location: 2F 1-1: Ball 2-1: Fly out, F8 (Flyball, 8LM)
|
Top of the 4th over - 0 run(s), 1 hit(s), 0 error(s), 3 left on base; Sun Prairie 0 - Myrtle Beach 0 |
BOTTOM OF THE 4TH |
Myrtle Beach Mermen batting - Pitching for Sun Prairie Swallows : RHP Scott Woodger
|
Batting: RHB Matt Love
|
0-0: Ball 1-0: Called Strike 1-1: Fly out, F9 (Flyball, 9M)
|
Batting: LHB Arturo Acevedo
|
0-0: Fly out, F4 (Popup, 4D)
|
Batting: RHB Álex Rodríguez
|
0-0: Called Strike 0-1: Foul Ball, location: 2F 0-2: Strikes out swinging
|
Bottom of the 4th over - 0 run(s), 0 hit(s), 0 error(s), 0 left on base; Sun Prairie 0 - Myrtle Beach 0 |
TOP OF THE 5TH |
Sun Prairie Swallows batting - Pitching for Myrtle Beach Mermen : RHP Willis Parker
|
Batting: RHB Darby Carveth
|
0-0: Swinging Strike 0-1: Ball 1-1: Swinging Strike 1-2: Foul Ball, location: 2F 1-2: Ball 2-2: Foul Ball, location: 2F 2-2: Foul Ball, location: 2F 2-2: Strikes out swinging
|
Batting: RHB Joel Frazier
|
0-0: Fly out, F6 (Popup, 5D)
|
Batting: RHB José Silva
|
0-0: Called Strike 0-1: Ball 1-1: SINGLE (Line Drive, 6MD)
|
Batting: RHB Reece White
|
0-0: Ball 1-0: Swinging Strike 1-1: Ball 2-1: Foul Ball, location: 2F 2-2: Foul Ball, location: 2F 2-2: Strikes out swinging
|
Top of the 5th over - 0 run(s), 1 hit(s), 0 error(s), 1 left on base; Sun Prairie 0 - Myrtle Beach 0 |
BOTTOM OF THE 5TH |
Myrtle Beach Mermen batting - Pitching for Sun Prairie Swallows : RHP Scott Woodger
|
Batting: RHB Alfredo López
|
0-0: Ball 1-0: Foul Ball, location: 2F 1-1: Fly out, F8 (Flyball, 8LXD)
|
Batting: LHB Joe Cashmore
|
0-0: Ball 1-0: Swinging Strike 1-1: DOUBLE (Line Drive, 7LD)
|
Batting: RHB Javier Robles
|
0-0: Ball 1-0: Ball 2-0: Fly out, F4 (Popup, 4MD)
|
Batting: SHB Val Brown
|
0-0: Called Strike 0-1: Ball 1-1: Ball 2-1: Foul Ball, location: 2F 2-2: Ball 3-2: Foul Ball, location: 2F 3-2: Ground out 4-3 (Groundball, 4M)
|
Bottom of the 5th over - 0 run(s), 1 hit(s), 0 error(s), 1 left on base; Sun Prairie 0 - Myrtle Beach 0 |
TOP OF THE 6TH |
Sun Prairie Swallows batting - Pitching for Myrtle Beach Mermen : RHP Willis Parker
|
Batting: RHB José Carlos Ramos
|
0-0: Ball 1-0: Ball 2-0: Called Strike 2-1: Foul Ball, location: 2F 2-2: Ball 3-2: Foul Ball, location: 2F 3-2: Foul Ball, location: 2F 3-2: SINGLE (Groundball, 6M)
|
Batting: RHB Scott Forrest
|
0-0: Ball 1-0: Ball 2-0: Called Strike 2-1: Ball 3-1: Called Strike 3-2: Strikes out looking
|
Batting: RHB Marcos Rivera
|
0-0: Ground out 3-1 (Groundball, 34) José Carlos Ramos to second
|
Batting: SHB Aurelio Costello
|
0-0: Ball 1-0: Called Strike 1-1: Called Strike 1-2: Strikes out swinging
|
Top of the 6th over - 0 run(s), 1 hit(s), 0 error(s), 1 left on base; Sun Prairie 0 - Myrtle Beach 0 |
BOTTOM OF THE 6TH |
Myrtle Beach Mermen batting - Pitching for Sun Prairie Swallows : RHP Scott Woodger
|
Batting: SHB Avery Little
|
0-0: Called Strike 0-1: Ball 1-1: Fly out, F8 (Flyball, 8LM)
|
Batting: RHB Ryan Carr
|
0-0: Ball 1-0: Ball 2-0: Fly out, F7 (Flyball, 7M)
|
Batting: RHB Matt Love
|
0-0: Foul Ball, location: 2F 0-1: Ball 1-1: Bunt missed! 1-2: SINGLE (Line Drive, 56D)
|
Batting: LHB Arturo Acevedo
|
0-0: Foul Ball, location: 2F 0-1: Foul Ball, location: 2F 0-2: Ball 1-2: Ground out U3 (Groundball, 3L)
|
Bottom of the 6th over - 0 run(s), 1 hit(s), 0 error(s), 1 left on base; Sun Prairie 0 - Myrtle Beach 0 |
TOP OF THE 7TH |
Sun Prairie Swallows batting - Pitching for Myrtle Beach Mermen : RHP Willis Parker
|
Batting: RHB Matías Torrella
|
0-0: Called Strike 0-1: Fly out, F8 (Flyball, 8LM)
|
Pinch Hitting: SHB Ricardo Vargo
|
0-0: Foul Ball, location: 2F 0-1: Fly out, F8 (Flyball, 8RM)
|
Batting: RHB Joel Frazier
|
0-0: Called Strike 0-1: Foul Ball, location: 2F 0-2: Hit by Pitch
|
Batting: RHB José Silva
|
0-0: Foul Ball, location: 2F 0-1: Ball 1-1: Ball 2-1: SINGLE (Line Drive, 7LS) Joel Frazier to second
|
Pinch Hitting: SHB Chris Murray
|
0-0: Called Strike 0-1: Foul Ball, location: 2F 0-2: Ball 1-2: Strikes out swinging
|
Top of the 7th over - 0 run(s), 1 hit(s), 0 error(s), 2 left on base; Sun Prairie 0 - Myrtle Beach 0 |
BOTTOM OF THE 7TH |
Myrtle Beach Mermen batting - Pitching for Sun Prairie Swallows : RHP Scott Woodger
|
Now at SS: Ricardo Vargo
|
|
Now in LF: Jim Unknown
|
|
Batting: RHB Álex Rodríguez
|
0-0: Ball 1-0: Ground out 5-3 (Groundball, 5L)
|
Batting: RHB Alfredo López
|
0-0: Swinging Strike 0-1: Ground out 6-3 (Groundball, 6)
|
Batting: LHB Joe Cashmore
|
0-0: Foul Ball, location: 2F 0-1: Ball 1-1: Fly out, F8 (Flyball, 8RD)
|
Bottom of the 7th over - 0 run(s), 0 hit(s), 0 error(s), 0 left on base; Sun Prairie 0 - Myrtle Beach 0 |
TOP OF THE 8TH |
Sun Prairie Swallows batting - Pitching for Myrtle Beach Mermen : RHP Willis Parker
|
Batting: RHB José Carlos Ramos
|
0-0: Called Strike 0-1: Ball 1-1: Fly out, F9 (Flyball, 89M)
|
Batting: RHB Scott Forrest
|
0-0: Called Strike 0-1: Swinging Strike 0-2: Strikes out looking
|
Batting: RHB Marcos Rivera
|
0-0: Called Strike 0-1: Ball 1-1: Swinging Strike 1-2: Foul Ball, location: 2F 1-2: Fly out, F9 (Flyball, 89S)
|
Top of the 8th over - 0 run(s), 0 hit(s), 0 error(s), 0 left on base; Sun Prairie 0 - Myrtle Beach 0 |
BOTTOM OF THE 8TH |
Myrtle Beach Mermen batting - Pitching for Sun Prairie Swallows : RHP Scott Woodger
|
Batting: RHB Javier Robles
|
0-0: Ball 1-0: Called Strike 1-1: TRIPLE (Flyball, 8RM)
|
Batting: SHB Val Brown
|
0-0: Ball 1-0: Ball 2-0: Fly out, F7 (Flyball, 7S)
|
Batting: SHB Avery Little
|
0-0: Intentional Walk
|
Pinch Hitting: RHB António Ruíz
|
0-0: Ball 1-0: Ground out 5-3 (Groundball, 6S) Javier Robles scores Avery Little to second
|
Batting: RHB Matt Love
|
0-0: Ball 1-0: Ball 2-0: Ball 3-0: Called Strike 3-1: Base on Balls
|
Batting: LHB Arturo Acevedo
|
0-0: Ball 1-0: Ball 2-0: Foul Ball, location: 2F 2-1: SINGLE (Line Drive, 4M) Avery Little to third Matt Love to second
|
Pitching: RHP Josh Parker
|
|
Batting: RHB Álex Rodríguez
|
0-0: Ball 1-0: SINGLE (Line Drive, 8LS) Avery Little scores Matt Love to third Arturo Acevedo to second Runner from 3rd tries for Home, throw and OUT!
|
Bottom of the 8th over - 2 run(s), 3 hit(s), 0 error(s), 2 left on base; Sun Prairie 0 - Myrtle Beach 2 |
TOP OF THE 9TH |
Sun Prairie Swallows batting - Pitching for Myrtle Beach Mermen : RHP Willis Parker
|
Pitching: RHP Manuel Carrión
|
|
Now in RF: António Ruíz
|
|
Batting: SHB Aurelio Costello
|
0-0: Ball 1-0: Fly out, F6 (Popup, 6MD)
|
Batting: RHB Matías Torrella
|
0-0: Fly out, F9 (Flyball, 9LS)
|
Batting: SHB Ricardo Vargo
|
0-0: Called Strike 0-1: SINGLE (Groundball, 34D)
|
Pinch Hitting: SHB Christos Galpin
|
0-0: Foul Ball, location: 2F 0-1: Ball 1-1: Ball 2-1: Ball 3-1: Base on Balls Ricardo Vargo to second
|
Batting: RHB José Silva
|
0-0: Called Strike 0-1: Foul Ball, location: 2F 0-2: Ball 1-2: Strikes out swinging
|
Top of the 9th over - 0 run(s), 1 hit(s), 0 error(s), 2 left on base; Sun Prairie 0 - Myrtle Beach 2 |
|